 Dungeon Crawl Stone Soup version 0.26.0-8-g74fc34ddfb (console) character file.

Game seed: 13626519882884058321

686 Garrluk the Magician (level 7, -1/40 HPs)
             Began as a Deep Elf Fire Elementalist on Jan 12, 2021.
             Was an Initiate of Sif Muna.
             Killed from afar by an orc wizard (8 damage)
             ... with a magic dart
             ... on level 5 of the Dungeon.
             The game lasted 00:19:54 (2087 turns).

Garrluk the Magician (Deep Elf Fire Elementalist)   Turns: 2087, Time: 00:19:55

Health: -1/40      AC:  4    Str:  5    XL:     7   Next: 35%
Magic:  14/16      EV: 15    Int: 22    God:    Sif Muna [......]
Gold:   182        SH:  0    Dex: 17    Spells: 6/16 levels left

rFire    . . .     SeeInvis .   q - +4 dagger of the Oracle {elec, Dex+2}
rCold    . . .     Faith    .   (no shield)
rNeg     . . .     Spirit   .   a - +0 robe
rPois    .         Reflect  .   i - +1 helmet
rElec    .         Harm     .   (no cloak)
rCorr    .         Rampage  .   (no gloves)
Will     .....                  (no boots)
Stlth    ++........             (no amulet)
HPRegen  0.13/turn              (no ring)
MPRegen  0.15/turn              l - ring of wizardry

@: no status effects
A: no striking features
a: Renounce Religion


You were on level 5 of the Dungeon.
You worshipped Sif Muna.
Sif Muna was noncommittal.
You visited 2 branches of the dungeon, and saw 7 of its levels.

You collected 182 gold pieces.

Inventory:

Hand Weapons
 b - a +3 dagger of speed
 c - a +1 whip
 q - the +4 dagger of the Oracle (weapon) {elec, Dex+2}
   (You found it on level 5 of the Dungeon)

   Occasionally, upon striking a foe, it can discharge electrical energy and
   cause terrible harm.
   It affects your dexterity (+2).
Missiles
 d - 30 poisoned darts
 f - 2 throwing nets
Armour
 a - a +0 robe (worn)
 i - a +1 helmet (worn)
Magical Staves
 p - an uncursed staff of cold
Jewellery
 l - a ring of wizardry (right hand)
Scrolls
 e - a scroll of enchant armour
 j - a scroll of magic mapping
 k - a scroll of remove curse
 m - a scroll of identify
 n - 2 scrolls of enchant weapon
Potions
 g - a potion of lignification
 h - a potion of invisibility {unknown}


   Skills:
 + Level 2.2 Fighting
 + Level 4.5 Dodging
 - Level 2.4 Stealth
 + Level 5.0 Spellcasting
 * Level 4.8 Conjurations
 + Level 4.6 Fire Magic
 * Level 2.3 Invocations


You had 6 spell levels left.
You knew the following spells:

 Your Spells              Type           Power        Failure   Level
a - Foxfire               Conj/Fire      100%         1%          1
b - Sticky Flame          Conj/Fire      26%          6%          4
c - Conjure Flame         Conj/Fire      26%          1%          3
B - Blink                 Tloc           N/A          6%          2

Your spell library contained the following spells:

 Spells                   Type           Power        Failure   Level
 Magic Dart               Conj           100%         1%          1
 Inner Flame              Hex/Fire       15%          4%          3
 Call Imp                 Summ           5%           6%          2
 Slow                     Hex            5%           6%          2
 Mephitic Cloud           Conj/Pois/Air  12%          6%          3
 Fireball                 Conj/Fire      13%          16%         5


Dungeon Overview and Level Annotations

Branches:
Dungeon (6/15)             Temple (1/1) D:4

Altars:
Ashenzari
Cheibriados
Elyvilon
Fedhas
Gozag
Hepliaklqana
Kikubaaqudgha
Nemelex Xobeh
Okawaru
Qazlal
Ru
Sif Muna
Trog
Uskayaw
Vehumet
Wu Jian
Xom
Zin
The Shining One

Annotations:
D:2 Sigmund
D:4 exclusion: oklob plant


Message History

The orc wizard flickers and vanishes!
Deactivating autopickup; reactivate with Ctrl-A.
Casting: Foxfire (safe; 1% risk of failure)
Confirm with . or Enter, or press ? or * to list all spells.
You conjure some foxfire!
The foxfire hits something but does no damage.
The foxfire hits something.
Casting: Foxfire (safe; 1% risk of failure)
Confirm with . or Enter, or press ? or * to list all spells.
You conjure some foxfire!
You hear some strange, mumbled words.
A puff of flame appears from out of thin air!
The puff of flame hits you!
* * * LOW HITPOINT WARNING * * *
The foxfire hits the orc.
The orc is heavily wounded.
The foxfire hits something but does no damage.
A magic dart appears from out of thin air!
The magic dart hits you!
You die...

.≈ o≈≈ B. #.# ..#
################.#
#................#
#....o.###########
#....{.# #...§..#
#..@...# #......#
##......# ####
#.......# #..####
##.......#
#.....###
#...######
#.###...###.#.#
#.# ###.##....#
#.# #..#.#.##
##.######...#.#
......# #####.#


You could see an orc.

Vanquished Creatures
  An ice beast (D:5)
  A centaur (D:5)
  2 wights (D:6)
  A howler monkey (D:4)
  A centaur skeleton (D:5)
  An orc priest (D:4)
  3 orc wizards
  2 iguanas
  A worker ant (D:5)
  5 adders
  A white imp (D:5)
  2 oozes
  An adder skeleton (D:4)
  2 worms
  2 dart slugs
  3 leopard geckos
  18 orcs
  8 giant cockroaches
  3 goblins
  5 hobgoblins
  7 jackals
  3 kobolds
  A quokka (D:2)
  3 ball pythons
  7 bats
  4 frilled lizards
  7 rats
95 creatures vanquished.

Vanquished Creatures (others)
  266 foxfires
266 creatures vanquished.

Grand Total: 361 creatures vanquished

Notes
Turn   | Place    | Note
-------+----------+-------------------------------------------
     0 | D:1      | Garrluk the Deep Elf Fire Elementalist began the quest for
                  | the Orb.
     0 | D:1      | Reached XP level 1. HP: 10/10 MP: 6/6
   160 | D:1      | Reached XP level 2. HP: 14/15 MP: 5/8
   333 | D:1      | Reached XP level 3. HP: 20/20 MP: 4/9
   530 | D:2      | Noticed Sigmund
   649 | D:3      | Reached skill level 1 in Fighting
   649 | D:3      | Reached XP level 4. HP: 15/25 MP: 3/11
   887 | D:3      | Learned a level 4 spell: Sticky Flame
   891 | D:3      | Learned a level 3 spell: Conjure Flame
   957 | D:4      | Reached skill level 4 in Spellcasting
   993 | D:4      | Reached XP level 5. HP: 29/29 MP: 3/13
  1064 | D:4      | Found a blossoming altar of Fedhas.
  1065 | D:4      | Noticed an oklob plant
  1221 | D:4      | Found a staircase to the Ecumenical Temple.
  1230 | Temple   | Entered the Ecumenical Temple
  1237 | Temple   | Became a worshipper of Sif Muna the Loreminder
  1302 | D:5      | Entered Level 5 of the Dungeon
  1392 | D:5      | Got a translucent dagger
  1393 | D:5      | Identified the +4 dagger of the Oracle {elec, Dex+2} (You
                  | found it on level 5 of the Dungeon)
  1430 | D:5      | Noticed a centaur
  1449 | D:6      | Reached XP level 6. HP: 35/35 MP: 7/14
  1514 | D:5      | HP: 1/35 [white imp/puff of frost (9)]
  1783 | D:5      | Reached skill level 1 in Invocations
  1809 | D:5      | Noticed an ice beast
  1826 | D:5      | Killed an ice beast
  1827 | D:5      | Reached XP level 7. HP: 27/40 MP: 4/16
  1859 | D:5      | HP: 2/40 [centaur/arrow (7)]
  1870 | D:5      | Reached skill level 5 in Spellcasting
  2058 | D:5      | Learned a level 2 spell: Blink
  2087 | D:5      | Killed from afar by an orc wizard

Illustrated notes

Levels and vault maps discovered:
D:1:      dpeg_arrival_stone_temple_mockup, layout_basic
D:2:      layout_loops_ring, yredelemnul_altar_generic, uniq_sigmund
D:3:      layout_basic, kennysheep_generic_room_3
D:4:      layout_rooms, tgw_fedhas, minmay_temple_entry_crystal_x,
          minmay_cut_off, uniq_pikel
D:5:      layout_rooms, portal_sewer_entry_e
D:6:      layout_basic, minmay_manual_monstrance
Temple:   nicolae_temple_no_exploring_needed

Skill      XL: |  1  2  3  4  5  6  7 |
---------------+----------------------+-----
Conjurations   | 2 3 4 |  4.8
Dodging        | 3 4 |  4.5
Fighting       | 1 2 |  2.2
Spellcasting   | 4 5 |  5.0
Fire Magic     | 4 |  4.6
Invocations    | 1 2 |  2.3
Stealth        | |  2.4

Action                   |  1- 3 |  4- 6 |  7- 9 || total
-------------------------+-------+-------+-------++-------
Melee: Whip              |    10 |     5 |       ||    15
       Dagger            |       |     5 |     9 ||    14
 Cast: Foxfire           |    56 |    96 |    15 ||   167
       Sticky Flame      |       |     1 |     1 ||     2
       Conjure Flame     |       |     2 |       ||     2
  Use: Scroll            |     4 |     6 |       ||    10
       Potion            |     1 |     1 |     5 ||     7
 Stab: Sleeping          |     3 |     1 |       ||     4
Armor: Robe              |     7 |     5 |     1 ||    13
       Skin              |       |       |    11 ||    11
Dodge: Dodged            |    17 |    13 |     9 ||    39
